 Dungeon Sprint DCSS version 0.16.1-18-g436b03c (webtiles) character file.

5400000 Vrock the Axe Maniac (level 24, -41/181 HPs)
             Began as a Gargoyle Gladiator on May 16, 2015.
             Was the Champion of Makhleb.
             Annihilated by a destroyer
             ... wielding a +9 great sword of slicing
              (212 damage)
             ... in the Dungeon (Sprint VIII: "Arena of Blood").
             The game lasted 00:02:47 (54 turns).

Vrock the Axe Maniac (Gargoyle Gladiator)             Turns: 54, Time: 00:02:47

Health: -41/181    AC: 26    Str: 27    XL:     24   Next: 23%
Magic:  25/48      EV: 24    Int: 13    God:    Makhleb [******]
Gold:   0          SH:  0    Dex: 10    Spells: 0 memorised, 77 levels left

rFire  . . .     SeeInvis .     l - +โˆž Axe of Woe
rCold  . . .     Clarity  .     b - +0 leather armour
rNeg   + . .     SustAb   .     (no shield) rPois โˆž
Gourm  .                        c - +0 helmet
rElec  +         Spirit   .     (no cloak)
rCorr  .         Warding  .     (no gloves)
rMut   .         NoTele   +     (no boots)
MR     +....                    (no amulet)
Stlth  +++++++++.               (no ring)
                                (no ring)

@: somewhat resistant to hostile enchantments, incredibly stealthy
A: able to fly continuously, big wings, negative energy resistance 1,
electricity resistance, unbreathing, petrification resistance, rot immunity, AC
+17
a: Fly, Minor Destruction, Lesser Servant of Makhleb, Major Destruction, Greater
Servant of Makhleb, Renounce Religion


You were in the Dungeon.
You worshipped Makhleb.
Makhleb was exalted by your worship.
You were not hungry.

You visited 1 branch

Inventory:

Hand weapons
 a - a +0 war axe
 l - the +โˆž Axe of Woe (weapon)
   (You found it in the Dungeon)
Missiles
 d - 3 throwing nets (quivered)
Armour
 b - a +0 leather armour (worn)
 c - a +0 helmet (worn)
Scrolls
 k - a scroll of blinking
Potions
 e - a potion of curing
 g - a potion of heal wounds
 h - a potion of haste
 i - 2 potions of magic
 j - a potion of berserk rage
Comestibles
 f - a bread ration


   Skills:
 O Level 27 Fighting
 O Level 27 Axes
 O Level 27 Throwing
 O Level 27 Armour
 O Level 27 Dodging
 O Level 27 Stealth
 O Level 27 Unarmed Combat
 O Level 27 Spellcasting
 O Level 27 Invocations


You had 77 spell levels left.
You didn't know any spells.

Dungeon Overview and Level Annotations

Branches:
Dungeon (1/1)

Altars:
Makhleb


Innate Abilities, Weirdness & Mutations

You are resistant to torment.
You are immune to poison.
You can fly continuously.
Your stone body is very resilient (AC +17).
Your wings are large and strong.
You resist negative energy.
You are resistant to electric shocks.
You can survive without breathing.
You are immune to petrification.
You are immune to rotting.


Message History

The tyrant shouts!
You slash the accursed!
You cleave the accursed in twain.
You destroy the accursed!
Makhleb accepts your kill.
You feel extremely nervous for a moment...
Your body is wracked with pain!
You slash the large abomination!
You cleave the large abomination in twain.
You destroy the large abomination!
Makhleb accepts your kill.
You feel a little better.
You hit the crawling corpse.
You pulverise the crawling corpse into a thin bloody mist.
You destroy the crawling corpse!
You hear a shout! x5
Unknown command.
Unknown command.
A destroyer comes into view.
It is wielding a +9 great sword of slicing.
You hear a shout! x8
The destroyer hits you with a +9 great sword of slicing!!!!!
Ouch! That really hurt!
You die...

###### #### ###.....
.=.. #........ ...
......%.##.##.###
.........V.......
..####...%@##.##....
#......)).....VL...
..#.....%)zX.#.#z...
...#.....)).......
#...#...).)x.ยง.....
.....#.)).)).%......
........))).).......
#......))))x).......
.#.....)))#.......#.


You could see a tyrant, 2 destroyers, 2 sculptors of flesh and a large
abomination.

Vanquished Creatures
  Harold (D)
  A greater mummy (D)
  3 hill giants (D)
  13 ogres (D)
  33 orcs (D)
  7 vampire knights (D)
  3 large abominations (D)
  3 small abominations (D)
  5 crawling corpses (D)
69 creatures vanquished.

Vanquished Creatures (others)
  2 crawling corpses (D)
2 creatures vanquished.

Grand Total: 71 creatures vanquished

Notes
Turn   | Place    | Note
--------------------------------------------------------------
     0 | D        | Vrock, the Gargoyle Gladiator, began the quest for the Orb.
     0 | D        | Reached XP level 1. HP: 12/12 MP: 1/1
     3 | D        | Noticed a bag of meat
     4 | D        | Became a worshipper of Makhleb the Destroyer
     6 | D        | Noticed a bag of meat
     6 | D        | Noticed a bag of meat
     6 | D        | Noticed a bag of meat
    10 | D        | Killed a bag of meat
    10 | D        | Reached skill level 10 in Fighting
    10 | D        | Reached skill level 16 in Axes
    10 | D        | Reached XP level 2. HP: 14/28 MP: 2/2
    10 | D        | Reached XP level 3. HP: 16/33 MP: 3/3
    10 | D        | Reached XP level 4. HP: 18/39 MP: 4/4
    10 | D        | Reached XP level 5. HP: 19/43 MP: 5/5
    10 | D        | Reached XP level 6. HP: 21/48 MP: 6/6
    10 | D        | Reached XP level 7. HP: 23/53 MP: 7/7
    10 | D        | Reached XP level 8. HP: 25/59 MP: 8/8
    10 | D        | Reached XP level 9. HP: 26/63 MP: 9/9
    10 | D        | Reached XP level 10. HP: 28/68 MP: 10/10
    10 | D        | Reached XP level 11. HP: 30/73 MP: 11/11
    11 | D        | Noticed a meat berserker
    11 | D        | Killed a bag of meat
    11 | D        | Acquired Makhleb's first power
    11 | D        | Reached skill level 18 in Axes
    11 | D        | Reached skill level 10 in Throwing
    11 | D        | Reached XP level 12. HP: 31/81 MP: 12/12
    11 | D        | Killed a bag of meat
    11 | D        | Reached skill level 19 in Axes
    11 | D        | Reached XP level 13. HP: 83/88 MP: 13/13
    12 | D        | Noticed a meat berserker
    12 | D        | Killed a bag of meat
    12 | D        | Acquired Makhleb's second power
    12 | D        | Reached skill level 20 in Axes
    12 | D        | Gained mutation: Your wings are large and strong. [gargoyle growth]
    12 | D        | Reached XP level 14. HP: 93/96 MP: 14/14
    12 | D        | Killed a meat berserker
    12 | D        | Reached skill level 21 in Axes
    14 | D        | Noticed a bag of meat
    14 | D        | Noticed a bag of meat
    14 | D        | Noticed a bag of meat
    14 | D        | Noticed a bag of meat
    15 | D        | Noticed a bag of meat
    15 | D        | Noticed a meat berserker
    15 | D        | Killed a meat berserker
    15 | D        | Acquired Makhleb's third power
    15 | D        | Reached skill level 15 in Fighting
    15 | D        | Reached skill level 22 in Axes
    15 | D        | Reached XP level 15. HP: 100/103 MP: 15/15
    16 | D        | Noticed a bag of meat
    16 | D        | Noticed a meat berserker
    16 | D        | Noticed a bag of meat
    16 | D        | Noticed a bag of meat
    17 | D        | Noticed a large bag of meat
    17 | D        | Noticed a bag of meat
    17 | D        | Noticed a meat berserker
    17 | D        | Noticed a meat berserker
    18 | D        | Noticed a meat berserker
    19 | D        | Noticed a bag of meat
    19 | D        | Noticed a bag of meat
    19 | D        | Killed a bag of meat
    19 | D        | Reached skill level 23 in Axes
    19 | D        | Killed a bag of meat
    19 | D        | Reached skill level 24 in Axes
    19 | D        | Killed a meat berserker
    19 | D        | Acquired Makhleb's fourth power
    19 | D        | Reached skill level 25 in Axes
    19 | D        | Reached skill level 15 in Throwing
    19 | D        | Reached XP level 16. HP: 110/113 MP: 16/16
    19 | D        | Killed a bag of meat
    20 | D        | Noticed a bag of meat
    20 | D        | Killed a meat berserker
    20 | D        | Reached skill level 26 in Axes
    20 | D        | Killed a meat berserker
    20 | D        | Acquired Makhleb's fifth power
    20 | D        | Reached skill level 27 in Axes
    21 | D        | Killed a bag of meat
    21 | D        | Reached XP level 17. HP: 119/124 MP: 17/17
    21 | D        | Killed a bag of meat
    21 | D        | Killed a bag of meat
    22 | D        | Noticed a meat berserker
    22 | D        | Noticed a destroyer
    23 | D        | Noticed a bag of meat
    23 | D        | Killed a meat berserker
    23 | D        | Reached skill level 27 in Dodging
    23 | D        | Killed a bag of meat
    23 | D        | Reached XP level 18. HP: 136/141 MP: 18/18
    24 | D        | Noticed a meat berserker
    24 | D        | Noticed a meat berserker
    24 | D        | Killed a bag of meat
    24 | D        | Killed a meat berserker
    24 | D        | Reached skill level 27 in Fighting
    24 | D        | Killed a bag of meat
    25 | D        | Noticed a large bag of meat
    25 | D        | Noticed a meat berserker
    25 | D        | Noticed a bag of meat
    26 | D        | Noticed a large bag of meat
    26 | D        | Noticed a meat berserker
    26 | D        | Noticed a bag of meat
    26 | D        | Killed a meat berserker
    26 | D        | Reached skill level 27 in Throwing
    26 | D        | Killed a large bag of meat
    26 | D        | Reached skill level 5 in Unarmed Combat
    26 | D        | Reached skill level 5 in Spellcasting
    26 | D        | Reached XP level 19. HP: 151/151 MP: 18/29
    28 | D        | Noticed a destroyer
    28 | D        | Killed a bag of meat
    28 | D        | Reached skill level 10 in Stealth
    28 | D        | Killed a bag of meat
    28 | D        | Reached skill level 10 in Unarmed Combat
    29 | D        | Killed a destroyer
    29 | D        | Reached skill level 10 in Spellcasting
    30 | D        | Noticed a destroyer
    30 | D        | Noticed a destroyer
    30 | D        | Noticed a bag of meat
    30 | D        | Noticed a destroyer
    30 | D        | Killed a meat berserker
    30 | D        | Reached skill level 15 in Stealth
    30 | D        | Killed a large bag of meat
    30 | D        | Reached skill level 15 in Armour
    30 | D        | Reached skill level 15 in Invocations
    30 | D        | Reached XP level 20. HP: 157/157 MP: 18/38
    30 | D        | Killed a meat berserker
    30 | D        | Reached skill level 15 in Unarmed Combat
    30 | D        | Killed a destroyer
    30 | D        | Killed a meat berserker
    30 | D        | Reached skill level 15 in Spellcasting
    31 | D        | Noticed a bag of meat
    32 | D        | Noticed a meat berserker
    32 | D        | Noticed The Servant
    32 | D        | Killed a large bag of meat
    32 | D        | Killed a meat berserker
    32 | D        | Killed a bag of meat
    32 | D        | Killed a destroyer
    32 | D        | Reached XP level 21. HP: 163/163 MP: 19/42
    33 | D        | Noticed a bag of meat
    33 | D        | Noticed a bag of meat
    33 | D        | Noticed a bag of meat
    34 | D        | Noticed a bag of meat
    34 | D        | Noticed a bag of meat
    34 | D        | Killed a bag of meat
    34 | D        | Killed a destroyer
    35 | D        | Noticed a bag of meat
    35 | D        | Noticed a bag of meat
    35 | D        | Noticed a bag of meat
    36 | D        | Noticed a bag of meat
    37 | D        | Noticed a bag of meat
    37 | D        | Killed The Servant
    37 | D        | Killed a destroyer
    37 | D        | Killed a bag of meat
    37 | D        | Killed a bag of meat
    37 | D        | Killed a meat berserker
    37 | D        | Reached XP level 22. HP: 169/169 MP: 20/44
    38 | D        | Noticed a bag of meat
    38 | D        | Noticed a bag of meat
    38 | D        | Killed a bag of meat
    38 | D        | Killed a bag of meat
    38 | D        | Reached skill level 27 in Stealth
    38 | D        | Killed a bag of meat
    38 | D        | Killed a bag of meat
    41 | D        | Noticed a destroyer
    41 | D        | Noticed a sculptor of flesh
    41 | D        | Killed a bag of meat
    41 | D        | Killed a bag of meat
    41 | D        | Reached skill level 27 in Armour
    41 | D        | Reached skill level 27 in Invocations
    42 | D        | Killed a bag of meat
    42 | D        | Reached skill level 27 in Unarmed Combat
    42 | D        | Killed a bag of meat
    42 | D        | Reached skill level 27 in Spellcasting
    42 | D        | Reached XP level 23. HP: 175/175 MP: 21/48
    43 | D        | Killed a bag of meat
    43 | D        | Killed a bag of meat
    43 | D        | Killed a destroyer
    45 | D        | Killed a bag of meat
    47 | D        | Noticed a destroyer
    47 | D        | Killed a bag of meat
    47 | D        | Killed a bag of meat
    48 | D        | Noticed a destroyer
    48 | D        | Killed a bag of meat
    48 | D        | Killed a destroyer
    48 | D        | Reached XP level 24. HP: 181/181 MP: 23/48
    50 | D        | Noticed an accursed
    51 | D        | Noticed a sculptor of flesh
    53 | D        | Noticed a tyrant
    53 | D        | Killed an accursed
    54 | D        | Noticed a destroyer
    54 | D        | Annihilated by a destroyer

Action                   |  1- 3 |  4- 6 |  7- 9 | 10-12 | 13-15 | 16-18 | 19-21 | 22-24 || total
-------------------------+-------+-------+-------+-------+-------+-------+-------+-------++-------
Melee: Executioner's axe |     1 |       |       |     1 |     3 |     5 |     6 |     8 ||    24
